 Dungeon Crawl Stone Soup version 0.31-a0-229-g1fc7ce93e2 (webtiles) character file.

Game seed: 10543131934061967939

506 Iniera the Slasher (level 7, 0/40 HPs)
             Began as a Tengu Gladiator on July 6, 2023.
             Was an Initiate of Dithmenos.
             Slain by an iguana (12 damage)
             ... on level 5 of the Dungeon.
             The game lasted 00:04:34 (3800 turns).

Iniera the Slasher (Tengu Gladiator)                Turns: 3800, Time: 00:04:34

Health: 0/40       AC:  3    Str: 15    XL:     7   Next: 18%
Magic:  8/8        EV: 17    Int:  8    God:    Dithmenos [......]
Gold:   270        SH:  5    Dex: 17    Spells: 6/6 levels left

rFire   . . .        a - +0 long sword
rCold   . . .        (no shield)
rNeg    . . .        b - +0 leather armour
rPois   .            c - +0 hat
rElec   .            (no cloak)
rCorr   .            (no gloves)
SInv    .            (boots unavailable)
Will    .....        h - amulet of reflection
Stlth   +            (no ring)
HPRegen 0.26/turn    (no ring)
MPRegen 0.11/turn

%: reflection
@: flying quickly and evasively, quick
A: beak, talons 3, nimble flight
a: Renounce Religion


You were on level 5 of the Dungeon.
You worshipped Dithmenos.
Dithmenos was noncommittal.
You visited 2 branches of the dungeon, and saw 6 of its levels.

You collected 270 gold pieces.

Inventory:

Hand Weapons
 a - a +0 long sword (weapon)
Missiles
 d - 3 throwing nets
 e - a javelin
 q - a poisoned dart
Armour
 b - a +0 leather armour (worn)
 c - a +0 hat (worn)
Jewellery
 h - an amulet of reflection (around neck)
Scrolls
 j - a scroll of vulnerability {unknown}
 k - a scroll of summoning {unknown}
 l - a scroll of poison
Potions
 f - a potion of curing
 g - a potion of mutation
 i - a potion of brilliance {unknown}
 m - a potion of degeneration {unknown}
 n - a potion of berserk rage {unknown}
 r - a potion of magic {unknown}


   Skills:
 - Level 2.0 Fighting
 * Level 7.3 Long Blades
 - Level 2.0 Throwing
 + Level 5.7 Dodging


You had 6 spell levels left.
You didn't know any spells.
Your spell library contained the following spells:

 Spells                   Type           Power      Damage    Failure   Level
 Call Canine Familiar     Summ           0%         N/A       85%         3
 Portal Projectile        Hex/Tloc       0%         N/A       85%         3
 Leda's Liquefaction      Hex/Erth       0%         N/A       99%         4
 Blade Hands              Tmut           0%         N/A       100%        5
 Irradiate                Conj/Tmut      0%         3d11      100%        5
 Dragon Form              Tmut           0%         N/A       100%        7


Dungeon Overview and Level Annotations

Branches:
Dungeon (5/15)             Temple (1/1) D:5

Altars:
Cheibriados
Dithmenos
Fedhas
Gozag
Hepliaklqana
Makhleb
Nemelex Xobeh
Qazlal
Ru
Trog
Vehumet
Wu Jian
Yredelemnul

Shops:
D:1 :   D:2 :   D:3 [

Annotations:
D:5 Sigmund


Innate Abilities, Weirdness & Mutations

You have a beak for a mouth.
You have claws for feet.
Your magical nature lets you fly swiftly and evasively.


Message History

Done exploring.
Done exploring.
Done exploring.
Done exploring.
Done exploring.
There is a shadowy altar of Dithmenos here.
You hover solemnly before the altar of Dithmenos.
Dithmenos welcomes you!
(D) Dungeon (T) Temple
Where to? (Enter - D:5, ? - help)
There is a staircase back to the Dungeon here.
You fly upwards.
Welcome back to the Dungeon!
Level annotation: Sigmund The iguana bites you.
You block the iguana's attack.
There is a staircase to the Ecumenical Temple here.
You hit the iguana. You claw the iguana. Your peck misses the iguana.
The iguana is heavily wounded.
The iguana barely misses you.
You barely miss the iguana. You claw the iguana, but do no damage.
Your punch misses the iguana.
The iguana is heavily wounded.
The iguana barely misses you.
You hit the iguana but do no damage. You claw the iguana, but do no damage.
You peck the iguana.
The iguana is heavily wounded.
The iguana bites you!
You hit the iguana. Your kick misses the iguana. You peck the iguana.
The iguana is severely wounded.
You block the iguana's attack.
You barely miss the iguana. Your kick misses the iguana.
The iguana is severely wounded.
The iguana closely misses you.
You closely miss the iguana. Your kick misses the iguana.
The iguana is severely wounded.
The iguana bites you!
* * * LOW HITPOINT WARNING * * *
You closely miss the iguana. You claw the iguana, but do no damage.
The iguana is severely wounded.
The iguana bites you!
You die...

# # ####### .. # #.....#
... ## #..⌠..##... (#
#.........# .#
#⌠.@l⌠...# ###
####.......## ..#
####.....⌠.....## #.##
###.....#..........
#..###.....####.#..#....
##.##....### #....#....
#...##### ##..## ...
##.## #..## .. #..# #..#


You could see an iguana.

Vanquished Creatures
  A phantom (D:5)
  A scorpion (D:5)
  3 hounds
  An orc wizard (D:5)
  3 iguanas
  12 adders
  An ufetubus (D:5)
  A worm (D:2)
  2 dart slugs
  6 bats
  7 endoplasms
  2 giant cockroaches
  3 goblins
  8 hobgoblins
  6 jackals
  2 kobolds
  5 quokkas
  7 ball pythons
  3 frilled lizards
  6 rats
80 creatures vanquished.

Notes
Turn   | Place    | Note
-------+----------+-------------------------------------------
     0 | D:1      | Iniera the Tengu Gladiator began the quest for the Orb.
     0 | D:1      | Reached XP level 1. HP: 12/12 MP: 2/2
   292 | D:1      | Found Mexydito's Book Shoppe.
   295 | D:1      | Reached XP level 2. HP: 17/17 MP: 3/3
   478 | D:1      | Reached skill level 4 in Long Blades
   716 | D:2      | Reached XP level 3. HP: 15/21 MP: 4/4
   826 | D:2      | Found Meed's Vocational Training.
   927 | D:2      | Reached XP level 4. HP: 26/26 MP: 5/5
  1592 | D:3      | Reached skill level 5 in Long Blades
  1750 | D:3      | Found Gudghoam's Armour Emporium.
  1829 | D:3      | Found an opulent altar of Gozag.
  2116 | D:3      | Gained mutation: Your magical nature lets you fly swiftly
                  | and evasively. [Tengu growth]
  2116 | D:3      | Reached XP level 5. HP: 25/30 MP: 6/6
  3092 | D:4      | Found an ornate altar of the Wu Jian Council.
  3093 | D:4      | Found a sacrificial altar of Ru.
  3175 | D:4      | Reached skill level 6 in Long Blades
  3175 | D:4      | Reached XP level 6. HP: 35/35 MP: 7/7
  3314 | D:5      | Entered Level 5 of the Dungeon
  3322 | D:5      | Reached skill level 5 in Dodging
  3433 | D:5      | Reached skill level 7 in Long Blades
  3433 | D:5      | Reached XP level 7. HP: 29/40 MP: 8/8
  3687 | D:5      | Found a staircase to the Ecumenical Temple.
  3699 | D:5      | Noticed Sigmund
  3707 | Temple   | Entered the Ecumenical Temple
  3779 | Temple   | Became a worshipper of Dithmenos the Shadowed
  3800 | D:5      | Slain by an iguana

Illustrated notes

Levels and vault maps discovered:
D:1:      dpeg_arrival_short_road, layout_loops_ring, serial_shops, shop
D:2:      layout_loops_cross, kennysheep_doodads, nicolae_shop_vocational
D:3:      layout_loops_cross, nicolae_overflow_hidden_temple, serial_shops,
          nicolae_shop_trees, serial_co_window_serial, co_window_paths_b,
          co_window_of_opportunity_a, co_window_paths_a, co_window_corner_a,
          co_window_corner_a, co_window_of_opportunity_c, co_window_corner_b,
          co_window_2corner, co_window_of_opportunity_c, co_window_2corner,
          glass_columns_a, glass_columns_b, glass_columns_a
D:4:      layout_loops_ring, gammafunk_temple_overflow_statue,
          hangedman_abyss_or_decor_stabs, saegor_snake_ambush
D:5:      minmay_spotlight, layout_cave_pods, temple_fountains, uniq_sigmund
Temple:   zaba_magenta_temple

Skill      XL: |  1  2  3  4  5  6 |
---------------+-------------------+-----
Long Blades    | 4 5 6 7 |  7.3
Dodging        | 4 5 |  5.7
Fighting       | |  2.0
Throwing       | |  2.0

Action                     |  1- 3 |  4- 6 |  7- 9 || total
---------------------------+-------+-------+-------++-------
  Melee: Long sword        |    59 |    92 |    42 ||   193
         Peck              |    10 |    11 |    12 ||    33
         Kick              |    10 |    24 |     7 ||    41
         Punch             |     1 |       |       ||     1
  Throw: Dart              |    19 |    60 |       ||    79
    Use: Scroll            |       |       |     6 ||     6
   Stab: Sleeping          |     1 |       |       ||     1
 Armour: Leather armour    |    15 |    17 |     4 ||    36
  Dodge: Dodged            |    47 |    85 |    35 ||   167
  Block: Other             |     7 |    24 |     8 ||    39

Table legend: (Time is in decaauts)
 A = Elapsed time spent in this place.
 B = Non-inter-level travel time spent in this place.
 C = Inter-level travel time spent in this place.
 D = Time resting spent in this place.
 E = Time spent auto-exploring this place.
 F = Levels seen in this place.
 G = Mean time per level.
                   A        B        C        D        E       F      G
               +--------+--------+--------+--------+--------+-----+--------+
         Total |   3693 |   3517 |    176 |    112 |   2817 |   6 |  615.5 |
       Dungeon |   3616 |   3452 |    164 |    112 |   2772 |   5 |  723.2 |
        Temple |     77 |     66 |     11 |      0 |     45 |   1 |   77.0 |
               +--------+--------+--------+--------+--------+-----+--------+

Top non-repeatable levels by time:
     D:3: 1013 daAuts
     D:4: 789 daAuts
     D:1: 712 daAuts
     D:2: 711 daAuts
     D:5: 390 daAuts
  Temple: 77 daAuts
